 Dungeon Crawl Stone Soup version 0.28.0-53-g5a82cb258f (webtiles) character file.

Game seed: 553962311365142985

936 Zeld the Bolt Thrower (level 8, -3/48 HPs)
             Began as a Gargoyle Hunter on May 26, 2022.
             Slain by an iguana (4 damage)
             ... on level 5 of the Dungeon.
             The game lasted 00:07:28 (7209 turns).

Zeld the Bolt Thrower (Gargoyle Hunter)             Turns: 7209, Time: 00:07:29

Health: -3/48      AC: 10    Str: 18    XL:     8   Next: 12%
Magic:  8/8        EV: 12    Int: 12    God:
Gold:   143        SH:  0    Dex: 10    Spells: 7/7 levels left

rFire   + . .      SeeInvis .   b - +0 whip
rCold   . . .      Faith    .   (no shield)
rNeg    + . .      Spirit   .   c - +0 leather armour
rPois   ∞          Reflect  .   q - +0 helmet
rElec   +          Harm     .   (no cloak)
rCorr   .          Rampage  .   r - +0 pair of gloves
Will    .....                   (no boots)
Stlth   +.........              (no amulet)
HPRegen 0.16/turn               k - ring of protection from fire
MPRegen 0.11/turn               (no ring)

@: confused
A: sickness immunity, AC +5, negative energy resistance 1, electricity
resistance, torment resistance 1, petrification resistance
a: no special abilities


You were on level 5 of the Dungeon.
You visited 1 branch of the dungeon, and saw 6 of its levels.

You collected 251 gold pieces.
You spent 108 gold pieces at shops.

Inventory:

Hand Weapons
 a - a +1 hand crossbow
 b - a +0 whip (weapon)
Missiles
 t - 4 bolts
Armour
 c - a +0 leather armour (worn)
 q - a +0 helmet (worn)
 r - a +0 pair of gloves (worn)
Jewellery
 k - a ring of protection from fire (left hand)
Wands
 v - a wand of iceblast (10)
Scrolls
 d - 2 scrolls of blinking {unknown}
 e - 3 scrolls of summoning {unknown}
 h - 3 scrolls of brand weapon {unknown}
 i - 3 scrolls of identify {unknown}
 j - 4 scrolls of teleportation {unknown}
 s - 2 scrolls of amnesia {unknown}
 u - a scroll of torment {unknown}
 w - a scroll of enchant weapon {unknown}
 x - a scroll of magic mapping {unknown}
Potions
 f - a potion of haste {unknown}
 g - 3 potions of heal wounds {unknown}
 l - 2 potions of invisibility {unknown}
 m - 2 potions of cancellation {unknown}
 n - a potion of brilliance {unknown}
 o - a potion of attraction {unknown}
 p - 3 potions of might


   Skills:
 + Level 4.5 Fighting
 * Level 5.0 Maces & Flails
 * Level 6.6 Crossbows
 + Level 3.3 Dodging
 - Level 1.1 Stealth


You had 7 spell levels left.
You didn't know any spells.
Your spell library was empty.

Dungeon Overview and Level Annotations

Branches:
Dungeon (6/15)
 Temple: D:4-7

Altars:
Ashenzari
Fedhas
Nemelex Xobeh
Qazlal
Trog
Wu Jian

Shops:
D:1 *


Innate Abilities, Weirdness & Mutations

You are immune to sickness and miasma.
Your stone body is resilient. (AC +5)
You are immune to poison.
You resist negative energy. (rN+)
You are resistant to electric shocks. (rElec)
You are resistant to unholy torment.
You are immune to petrification.


Message History

You hit something.
The iguana bites you but does no damage.
Something hits you but does no damage.
You bump into the rock wall.
The iguana bites you. Something hits you but does no damage.
You hit the iguana.
The iguana is severely wounded.
The iguana closely misses you. Something hits you but does no damage.
You're too confused to move!
You feel less confused. The iguana bites you.
* * * LOW HITPOINT WARNING * * *
Something hits you but does no damage.
You closely miss the iguana.
The iguana is severely wounded.
A magic dart appears from out of thin air!
The magic dart hits something!
The iguana bites you.
* * * LOW HITPOINT WARNING * * *
Something hits you but does no damage.
You hit the iguana.
The iguana is almost dead.
The iguana bites you.
* * * LOW HITPOINT WARNING * * *
You completely miss the iguana.
The iguana is almost dead.
Something barely misses you.
The iguana bites you but does no damage.
You closely miss the iguana.
The iguana is almost dead.
You hear some strange, mumbled words.
You are confused.
The iguana barely misses you.
You hit the iguana.
The iguana is almost dead.
You hear some strange, mumbled words.
A magic dart appears from out of thin air!
The magic dart hits you.
* * * LOW HITPOINT WARNING * * *
You bump into the rock wall.
The iguana bites you.
You die...

.##.######.....####...8...8..)###
.##.# #.).........##.#.....#)##
....# ###############.8...8.##
..### ##.....###### .#######
##...##..... .......# ##'##.#####
.#.....#### #.##.# #
.##....<..##############.##.##
###.>..##......l@{{..........#
#....#######################
######


You could see an iguana.

Vanquished Creatures
  Grinder (D:3)
  Sigmund (D:2)
  An ice beast (D:5)
  A sky beast (D:5)
  A necrophage (D:5)
  A centaur zombie (D:5)
  A hound (D:5)
  An orc priest (D:5)
  An orc wizard (D:2)
  A hound skeleton (D:4)
  Robin (D:4)
  4 adders
  2 river rats (D:5)
  2 ufetubi (D:5)
  A worm (D:5)
  An adder skeleton (D:5)
  3 dart slugs
  13 orcs
  4 ball pythons
  6 endoplasms
  3 giant cockroaches
  8 hobgoblins
  2 jackals (D:2)
  7 kobolds
  3 quokkas
  4 bats
  3 frilled lizards
  15 goblins
  3 rats
95 creatures vanquished.

Notes
Turn   | Place    | Note
-------+----------+-------------------------------------------
     0 | D:1      | Zeld the Gargoyle Hunter began the quest for the Orb.
     0 | D:1      | Reached XP level 1. HP: 12/12 MP: 1/1
   126 | D:1      | Found Panap's Assorted Antiques.
   137 | D:1      | Bought an amethyst potion for 18 gold pieces
   225 | D:1      | Reached XP level 2. HP: 17/17 MP: 2/2
   398 | D:1      | Reached skill level 1 in Maces & Flails
   659 | D:2      | Found a faded altar of an unknown god.
   813 | D:2      | Reached XP level 3. HP: 18/22 MP: 3/3
  1022 | D:2      | Noticed Sigmund
  1369 | D:2      | Killed Sigmund
  1370 | D:2      | Reached skill level 5 in Crossbows
  1370 | D:2      | Reached XP level 4. HP: 28/28 MP: 4/4
  1370 | D:2      | Reached XP level 5. HP: 32/32 MP: 5/5
  1668 | D:3      | Noticed Grinder
  1673 | D:3      | Killed Grinder
  1674 | D:3      | Reached XP level 6. HP: 38/38 MP: 6/6
  1692 | D:3      | Identified the +0 leather armour "Gaokesas" {Stlth+}
  1726 | D:3      | Found a bloodstained altar of Trog.
  2736 | D:3      | Found a blossoming altar of Fedhas.
  2737 | D:3      | Found a stormy altar of Qazlal.
  2739 | D:3      | Found a broken altar of Ashenzari.
  3011 | D:4      | Noticed Robin
  3526 | D:2      | Reached XP level 7. HP: 42/42 MP: 7/7
  3579 | D:1      | Bought a pair of gloves for 90 gold pieces
  3667 | D:4      | Killed Robin
  3896 | D:4      | HP: 2/42 [ogre/+0 giant club (18)]
  4599 | D:4      | Found an ornate altar of the Wu Jian Council.
  4675 | D:4      | Found a sparkling altar of Nemelex Xobeh.
  5109 | D:5      | Entered Level 5 of the Dungeon
  5564 | D:5      | Reached skill level 6 in Crossbows
  5753 | D:5      | Found a glowing drain.
  6772 | D:5      | Reached skill level 5 in Maces & Flails
  6772 | D:5      | Reached XP level 8. HP: 36/48 MP: 8/8
  7208 | D:5      | HP: 1/48 [something/magic dart (6)]
  7209 | D:5      | Slain by an iguana

Illustrated notes

Levels and vault maps discovered:
D:1:      dpeg_arrival_round_b, layout_loops_cross, serial_shops,
          nicolae_shop_overgrown_old_shop
D:2:      layout_basic, dreamdust_ecumenical_altar_statues, minivault_24,
          uniq_sigmund
D:3:      layout_basic, lemuel_crystal_altar, minitemple,
          guppyfry_early_lair_pool, uniq_grinder
D:4:      layout_gridville, mainiacjoe_overflow_catwalk,
          nzn_wu_jian_council_hall, uniq_robin
D:5:      layout_rooms, gup_sewer_entry_bubbles, dk_noncrumbling_3
D:6:      layout_basic, yredelemnul_altar_generic, minmay_temple_entry_fiery,
          serial_shops, nicolae_square_shop, kb_rosetta

Skill      XL: |  1  2  3  4  5  6  7 |
---------------+----------------------+-----
Maces & Flails | 1 2 3 5 |  5.0
Fighting       | 3 4 |  4.5
Crossbows      | 5 6 |  6.6
Dodging        | 2 3 |  3.3
Stealth        | |  1.1

Action                   |  1- 3 |  4- 6 |  7- 9 || total
-------------------------+-------+-------+-------++-------
Melee: Whip              |       |    42 |   345 ||   387
       Hand crossbow     |       |    11 |       ||    11
       Unarmed           |       |     7 |       ||     7
       Punch             |       |       |     2 ||     2
 Fire: Hand crossbow     |    67 |    44 |     4 ||   115
Armor: Leather armour    |     7 |    49 |   153 ||   209
Dodge: Dodged            |     6 |    51 |   213 ||   270
